 Dungeon Crawl Stone Soup version 0.31-a0-210-gccc998df9b (webtiles) character file.

Game seed: 14980108397617869285

60372 Pooter the Marksminotaur (level 14, -3/193 HPs)
             Began as a Minotaur Berserker on June 30, 2023.
             Was an Elder of Trog.
             Slain by a wolf (9 damage)
             ... on level 5 of the Lair of Beasts.
             The game lasted 01:40:12 (26986 turns).

Pooter the Marksminotaur (Minotaur Berserker)      Turns: 26986, Time: 01:40:13

Health: -3/193     AC: 11    Str: 34    XL:     14   Next: 56%
Magic:  13/13      EV:  9    Int:  2    God:    Trog [****..]
Gold:   1288       SH:  0    Dex:  9    Spells: 13/13 levels left

rFire   + + +        a - +6 great mace of Balance {freeze, rPois rF++ rCorr Int-2}
rCold   . . .        (shield currently unavailable)
rNeg    . . .        X - +3 chain mail {rF+}
rPois   +            (helmet restricted)
rElec   .            N - scarf {harm}
rCorr   +            (no gloves)
SInv    .            (no boots)
Will    +....        (no amulet) Stlth
                     P - ring of poison resistance
HPRegen 0.52/turn    T - +6 ring of strength
MPRegen 0.13/turn

%: harm (+30% outgoing, +20% incoming)
@: berserking (expiring), very quick
A: horns 2, retaliatory headbutt
a: Renounce Religion, Berserk, Trog's Hand, Brothers in Arms


You were on level 5 of the Lair of Beasts.
You worshipped Trog.
Trog was greatly pleased with you.
You visited 2 branches of the dungeon, and saw 15 of its levels.
You also visited: Bailey and Volcano.

You collected 2679 gold pieces.
You spent 1391 gold pieces at shops.

Inventory:

Hand Weapons
 a - the +6 great mace of Balance (weapon) {freeze, rPois rF++ rCorr Int-2}
   (You found it in a bailey)

   Int:       It affects your intelligence (-2).
   rF:        It greatly protects you from fire.
   rPois:     It protects you from poison.
   rCorr:     It protects you from acid and corrosion.
 b - a +1 arbalest of draining
   (You found it on level 4 of the Lair of Beasts)
 g - a +5 heavy trident
   (You took it off a gnoll sergeant on level 10 of the Dungeon)
 z - a +0 broad axe
   (You took it off Maggie on level 8 of the Dungeon)
 B - a +4 scimitar of flaming
   (You took it off Erica on level 8 of the Dungeon)
 H - a +1 spectral battleaxe
   (You took it off an orc warrior in a bailey)
 K - a +3 morningstar of freezing
   (You took it off a wight on level 7 of the Dungeon)
 V - a +0 war axe of holy wrath
   (You found it on level 3 of the Lair of Beasts)
Missiles
 e - a throwing net {!f}
 m - 25 boomerangs
 A - 47 poisoned darts (quivered)
 E - 13 curare-tipped darts
 J - 2 boomerangs of dispersal {!f}
 L - 8 atropa-tipped darts
 Q - 112 stones
Armour
 h - a +1 plate armour
   (You found it on level 1 of the Dungeon)
 v - a +0 pair of boots
   (You found it on level 1 of the Dungeon)
 N - a scarf of harm (worn)
   (You found it in a bailey)
 X - a +3 chain mail of fire resistance (worn)
   (You found it in a volcano)
Jewellery
 C - a ring of protection from cold
   (You found it on level 8 of the Dungeon)
 D - a +6 ring of dexterity
   (You bought it in a shop on level 1 of the Dungeon)
 F - a ring of protection from fire
   (You found it on level 2 of the Lair of Beasts)
 I - a ring of protection from cold
   (You found it on level 5 of the Dungeon)
 P - a ring of poison resistance (left hand)
   (You bought it in a shop on level 1 of the Dungeon)
 S - a ring of see invisible
   (You bought it in a shop on level 1 of the Dungeon)
 T - a +6 ring of strength (right hand)
   (You bought it in a shop on level 1 of the Dungeon)
Wands
 d - a wand of quicksilver (8)
   (You found it on level 10 of the Dungeon)
 f - a wand of flame (37)
   (You took it off Maggie on level 8 of the Dungeon)
 u - a wand of paralysis (17)
   (You found it on level 6 of the Dungeon)
 y - a wand of roots (5)
   (You found it on level 7 of the Dungeon)
 Z - a wand of polymorph (8)
   (You found it on level 4 of the Lair of Beasts)
Scrolls
 c - 4 scrolls of fear
 i - 6 scrolls of identify {@r1}
 n - 2 scrolls of poison {!r}
 o - 3 scrolls of blinking
 q - 3 scrolls of vulnerability {!r}
 s - 3 scrolls of fog
 t - 9 scrolls of teleportation {@r4}
 x - 4 scrolls of revelation
 O - a scroll of torment {!r}
 R - a scroll of immolation {!r}
Potions
 j - 2 potions of mutation {!q}
 k - 5 potions of heal wounds {@q2}
 l - 2 potions of curing {@q1}
 p - a potion of lignification {!q}
 r - 2 potions of attraction {!q}
 w - 3 potions of might
 G - 2 potions of enlightenment
 U - 2 potions of ambrosia
 W - a potion of haste {@q3}
 Y - a potion of invisibility
Miscellaneous
 M - a phantom mirror
   (You found it in a bailey)


   Skills:
 + Level 13.3 Fighting
 + Level 14.8(17.6) Axes
 * Level 15.8(18.1) Maces & Flails
 * Level 16.7 Ranged Weapons
 - Level 2.4 Armour
 - Level 2.1 Dodging


You had 13 spell levels left.
You didn't know any spells.
Your spell library was empty.

Dungeon Overview and Level Annotations

Branches:
Dungeon (10/15) Zot: 25280  Temple (0/1) D:5            Lair (5/5) D:10 Zot: 15535
  Swamp (0/4) Lair:2       Spider (0/4) Lair:3        Slime (0/5) Lair:4
    Orc (0/2) D:10         Bailey (visited)         Volcano (visited)

Altars:
Elyvilon
Fedhas
Nemelex Xobeh
Trog
Wu Jian

Shops:
D:1 =


Innate Abilities, Weirdness & Mutations

You have a pair of horns on your head.
You reflexively headbutt those who attack you in melee.


Message History

The black bear barely misses you.
The black bear bites you but does no damage.
The black bear claws you but does no damage. x2
Unknown command.
You bludgeon the polar bear!! You freeze the polar bear.
You headbutt the polar bear.
You kill the polar bear!
Trog accepts your kill. The warg bites you!
* * * LOW HITPOINT WARNING * * *
The wolf bites you.
* * * LOW HITPOINT WARNING * * *
You closely miss the black bear.
The black bear bites you but does no damage.
The black bear claws you but does no damage.
The black bear misses you. x2; The black bear barely misses you. x2
The black bear bites you but does no damage.
The black bear completely misses you. The black bear barely misses you.
You hammer the black bear like a gong!!!
You freeze the black bear.
You kill the black bear!
Trog accepts your kill. The warg bites you but does no damage.
You bludgeon the anaconda!! You freeze the anaconda! The black bear bites you!
* * * LOW HITPOINT WARNING * * *
The black bear claws you but does no damage.
The black bear closely misses you. The warg barely misses you.
The black bear bites you but does no damage.
The black bear claws you.
* * * LOW HITPOINT WARNING * * *
The black bear claws you but does no damage.
You closely miss the anaconda. You headbutt the anaconda!
The anaconda grabs you. The anaconda barely misses you.
The anaconda constricts you.
* * * LOW HITPOINT WARNING * * *
You closely miss the anaconda. You headbutt the anaconda.
You kill the anaconda!
Trog accepts your kill.
A polar bear comes into view.
The black bear bites you.
* * * LOW HITPOINT WARNING * * *
The black bear barely misses you. The black bear closely misses you.
Unknown command.
The polar bear growls angrily.
You flatten the polar bear like a pancake!!!
You freeze the polar bear!
You kill the polar bear!
Trog accepts your kill. The wolf bites you!
You die...

...## # ..## .## ##
.#### ####.###
#...##########.#..#.#
.....#.#.#.##.#...$# h
...........#.#....###...
#...#.......†#††††..!.#
####.#...#...†#h@hh##.
#######..####hh## #..#
##.... ....# .....#
....## #....?# .....##
.....# .#.## ....#. ##
[...#


You could see a polar bear, a warg, a hell hound, 2 black bears and a wolf.

Vanquished Creatures
  Kirke (Lair:5)
  6 hydras
  Erica (D:8)
  Erolcha (D:10)
  An anaconda (Lair:5)
  4 two-headed ogres
  A boulder beetle (Lair:4)
  2 death yaks (Lair:3)
  A hell hog (Volcano)
  A salamander (Volcano)
  An oklob plant (Lair:5)
  A wolf spider (Lair:5)
  16 elephants
  A guardian serpent (Lair:5)
  2 rust devils
  13 cane toads
  10 black mambas
  2 torpor snails
  A kobold demonologist (D:8)
  10 komodo dragons
  Maggie (D:8)
  A rime drake (Lair:3)
  A troll (D:10)
  2 hornets (Lair:5)
  3 blink frogs (Lair:1)
  11 polar bears
  Grinder (D:5)
  A raiju (Lair:5)
  12 dream sheep
  3 wraiths
  A shadow (D:10)
  50 yaks
  6 spriggans (Lair:3)
  A fire bat (Volcano)
  A vampire (D:10)
  11 wyverns
  2 hogs (Lair:5)
  Grum (Lair:1)
  Eustachio (D:5)
  A steam dragon (D:7)
  5 basilisks
  5 redbacks
  4 vampire mosquitoes
  2 wargs (Lair:5)
  2 acid dragons (D:9)
  27 water moccasins
  7 hell hounds
  A sky beast (D:6)
  7 orc warriors
  11 black bears
  3 ice beasts
  3 ogres
  16 wolves
  3 centaurs
  Blork the orc (D:6)
  11 kobold brigands
  8 bullfrogs
  5 scorpions
  7 gnoll sergeants (D:10)
  6 wights
  22 killer bees
  2 howler monkeys
  A gnoll bouda (D:9)
  3 hounds
  7 jellies
  5 orc priests
  2 sleepcaps (D:5)
  4 orc wizards
  Natasha (thrice) (D:2)
  4 iguanas
  20 gnolls
  3 adders
  A shadow imp (D:7)
  An ufetubus (D:5)
  2 worms
  2 dart slugs (D:2)
  30 orcs
  7 ball pythons
  8 bats
  4 endoplasms
  3 giant cockroaches
  19 goblins
  9 hobgoblins
  6 jackals
  25 kobolds
  4 quokkas
  3 frilled lizards (D:3)
  6 rats
527 creatures vanquished.

Vanquished Creatures (others)
  3 humans (Lair:5)
3 creatures vanquished.

Grand Total: 530 creatures vanquished

Notes
Turn   | Place    | Note
-------+----------+-------------------------------------------
     0 | D:1      | Pooter the Minotaur Berserker began the quest for the Orb.
     0 | D:1      | Reached XP level 1. HP: 19/19 MP: 0/0
    87 | D:1      | Found Aphuz's Jewellery Shoppe.
   150 | D:1      | Reached skill level 1 in Ranged Weapons
   192 | D:1      | Reached XP level 2. HP: 27/27 MP: 1/1
   844 | D:2      | Noticed Natasha
   851 | D:2      | Killed Natasha
   852 | D:2      | Reached skill level 2 in Ranged Weapons
   852 | D:2      | Reached XP level 3. HP: 33/33 MP: 2/2
   861 | D:2      | Noticed Natasha
   896 | D:2      | Killed Natasha
   897 | D:2      | Reached XP level 4. HP: 38/40 MP: 3/3
   977 | D:2      | Found a faded altar of an unknown god.
   990 | D:2      | Reached ** piety under Trog
  1018 | D:2      | Reached skill level 5 in Axes
  1019 | D:2      | Reached skill level 3 in Ranged Weapons
  1213 | D:2      | Reached XP level 5. HP: 47/47 MP: 4/4
  1581 | D:2      | Noticed Natasha
  1591 | D:2      | Killed Natasha
  1988 | D:3      | Reached XP level 6. HP: 42/55 MP: 5/5
  2295 | D:3      | Identified the +9 dagger "Ziqo" {freeze, Str+6}
  2472 | D:3      | Reached skill level 4 in Ranged Weapons
  2554 | D:4      | Found a white marble altar of Elyvilon.
  2608 | D:4      | Reached skill level 5 in Fighting
  2953 | D:4      | Reached *** piety under Trog
  3462 | D:4      | Reached XP level 7. HP: 61/61 MP: 6/6
  3579 | D:5      | Entered Level 5 of the Dungeon
  3595 | D:5      | Noticed Eustachio
  3610 | D:5      | Killed Eustachio
  3611 | D:5      | Reached skill level 5 in Ranged Weapons
  3676 | D:5      | Found a staircase to the Ecumenical Temple.
  3965 | D:5      | Noticed Grinder
  3971 | D:5      | Killed Grinder
  3972 | D:5      | Reached skill level 6 in Ranged Weapons
  3972 | D:5      | Reached XP level 8. HP: 70/70 MP: 7/7
  4292 | D:1      | Bought a ring of see invisible for 195 gold pieces
  4692 | D:6      | Noticed Blork the orc
  4706 | D:6      | Killed Blork the orc
  4874 | D:5      | Reached skill level 7 in Ranged Weapons
  5419 | D:6      | Reached skill level 8 in Ranged Weapons
  5419 | D:6      | Reached XP level 9. HP: 79/79 MP: 8/8
  5452 | D:5      | Noticed a rust devil
  5452 | D:5      | Noticed a rust devil
  5709 | D:7      | Reached skill level 10 in Axes
  5746 | D:7      | Found a sparkling altar of Nemelex Xobeh.
  5945 | D:7      | Found a bloodstained altar of Trog.
  5980 | D:7      | Reached skill level 1 in Maces & Flails
  6477 | D:7      | Reached skill level 9 in Ranged Weapons
  6679 | D:7      | Killed a rust devil
  6826 | D:6      | Killed a rust devil
  7255 | D:8      | Noticed Maggie
  7269 | D:8      | Killed Maggie
  7270 | D:8      | Reached XP level 10. HP: 90/90 MP: 9/9
  7378 | D:8      | Noticed Erica
  7387 | D:8      | Killed Erica
  7388 | D:8      | Reached skill level 5 in Maces & Flails
  7388 | D:8      | Reached skill level 10 in Ranged Weapons
  7935 | D:8      | Noticed a two-headed ogre
  7954 | D:8      | Killed a two-headed ogre
  8703 | D:9      | Reached skill level 11 in Ranged Weapons
  8725 | D:9      | Found a flagged portal.
  8731 | Bailey   | Entered a bailey
  9094 | Bailey   | Identified the +6 great mace of Balance {freeze, rPois rF++
                  | rCorr Int-2}
  9167 | Bailey   | Found an iron altar of Okawaru.
  9457 | D:9      | Reached XP level 11. HP: 77/97 MP: 10/10
  9733 | D:9      | Reached **** piety under Trog
  9872 | D:9      | Identified the +3 leather armour of Insecurity {Harm +Inv
                  | rF- Slay+5}
 10143 | D:1      | Bought a ring of poison resistance for 260 gold pieces
 10337 | D:10     | Entered Level 10 of the Dungeon
 10522 | D:10     | Noticed Erolcha
 10530 | D:10     | Killed Erolcha
 10607 | D:10     | Found a staircase to the Orcish Mines.
 10677 | D:10     | Noticed a two-headed ogre
 10736 | D:10     | Killed a two-headed ogre
 10737 | D:10     | Reached skill level 10 in Fighting
 10737 | D:10     | Reached skill level 12 in Ranged Weapons
 11145 | D:10     | Found an ornate altar of the Wu Jian Council.
 11161 | D:10     | Found a staircase to the Lair.
 11570 | Lair:1   | Entered Level 1 of the Lair of Beasts
 11606 | Lair:1   | Reached skill level 10 in Maces & Flails
 11842 | Lair:1   | Reached XP level 12. HP: 72/108 MP: 11/11
 11845 | Lair:1   | Noticed Grum
 11848 | Lair:1   | Killed Grum
 12063 | Lair:1   | Reached skill level 13 in Ranged Weapons
 12437 | Lair:1   | Identified a scroll of acquirement
 12437 | Lair:1   | Acquired 1361 gold pieces
 12724 | D:1      | Bought a +6 ring of dexterity for 468 gold pieces
 12724 | D:1      | Bought a +6 ring of strength for 468 gold pieces
 14348 | Lair:2   | Noticed a six-headed hydra
 14354 | Lair:2   | Killed a six-headed hydra
 14361 | Lair:2   | Found a staircase to the Swamp.
 14982 | Lair:3   | Reached skill level 14 in Ranged Weapons
 15215 | Lair:3   | Noticed a seven-headed hydra
 15221 | Lair:3   | Killed a seven-headed hydra
 15426 | Lair:3   | Found a blossoming altar of Fedhas.
 15498 | Lair:3   | Reached XP level 13. HP: 92/117 MP: 12/12
 15613 | Lair:3   | Found a hole to the Spider Nest.
 16461 | Lair:4   | Found a dark tunnel.
 16505 | Volcano  | Entered a volcano
 16563 | Volcano  | Reached skill level 15 in Ranged Weapons
 17581 | Lair:4   | Found a staircase to the Slime Pits.
 18857 | Lair:5   | Entered Level 5 of the Lair of Beasts
 20396 | Lair:5   | Noticed Kirke
 20406 | Lair:5   | Reached XP level 14. HP: 123/127 MP: 13/13
 20408 | Lair:5   | Killed Kirke
 20450 | Lair:5   | Reached skill level 16 in Ranged Weapons
 21155 | Lair:5   | Reached skill level 15 in Maces & Flails
 21347 | Lair:5   | Reached ***** piety under Trog
 26985 | Lair:5   | HP: 5/193 [black bear (6)]
 26986 | Lair:5   | Slain by a wolf

Illustrated notes

Levels and vault maps discovered:
D:1:      dpeg_arrival_radiant, layout_loops_ring, serial_shops,
          nicolae_shop_stone, grunt_decor_clamped
D:2:      cheibrodos_greedy_goblins, layout_loops_ring,
          nicolae_ecumenical_snake_handling, hex_medium, uniq_natasha
D:3:      layout_basic, minmay_misc_feat_chi, st_stairs_14
D:4:      layout_loops_corners, mainiacjoe_overflow_paths, abandoned_shop
D:5:      cheibrodos_iron_armory, layout_loops_ring,
          minmay_temple_entry_statues_fountains, feat_on_display, uniq_grinder,
          uniq_eustachio
D:6:      layout_cave_pools, dreamdust_wishing_well, uniq_blork_the_orc
D:7:      layout_loops_corners, nicolae_overflow_hidden_temple
D:8:      layout_rooms, kennysheep_donut, grunt_tough_drop, uniq_maggie,
          uniq_erica
D:9:      layout_loops_cross, enter_bailey_3
D:10:     layout_rooms, mainiacjoe_overflow_tiny_flanked, lair_entry_dummy,
          kennysheep_orc_monster_closet_entryway, uniq_erolcha
Lair:1:   layout_cave_pods, beast_lair_carwin_8, uniq_grum
Lair:2:   layout_regular_city, minmay_swamp_entry_reptiles
Lair:3:   layout_chaotic_city, spider_nest_entry_webs, basic_altar,
          wad_woods_01, lemuel_fruit_tree
Lair:4:   layout_regular_city, nicolae_slime_entry_field_trip, enter_volcano_3,
          pdpol_lair_neglected_garden, minivault_19, lemuel_fruit_fields,
          serial_bayou_shore_b
Lair:5:   hangedman_lair_caniforms_friends, layout_concentric_octagons,
          hangedman_lair_tendril_chambers, uniq_kirke

Skill      XL: |  1  2  3  4  5  6  7  8  9 10 11 12 13 14 |
---------------+-------------------------------------------+-----
Ranged Weapons | 1 2 3 4 6 8 9 11 12 14 15 16 | 16.7
Axes           | 4 5 6 8 9 10 11 12 13 14 | 14.8
Fighting       | 4 5 6 7 8 9 10 11 12 13 | 13.3
Maces & Flails | 4 7 10 12 14 15 | 15.8
Armour         | |  2.4
Dodging        | |  2.1

Action                     |  1- 3 |  4- 6 |  7- 9 | 10-12 | 13-15 || total
---------------------------+-------+-------+-------+-------+-------++-------
  Melee: Hand axe          |    43 |    39 |       |       |       ||    82
         Headbutt          |     8 |    26 |    33 |    45 |    43 ||   155
         Halberd           |       |   169 |   177 |       |       ||   346
         Punch             |       |     1 |     1 |       |       ||     2
         Morningstar       |       |       |    35 |   102 |       ||   137
         War axe           |       |       |    21 |       |       ||    21
         Great mace        |       |       |       |   204 |   147 ||   351
         Battleaxe         |       |       |       |    27 |    80 ||   107
   Fire: Sling             |       |     4 |     7 |     7 |       ||    18
         Orcbow            |       |       |       |    51 |       ||    51
         Arbalest          |       |       |       |    77 |   233 ||   310
  Throw: Stone             |       |     5 |       |       |       ||     5
         Boomerang         |       |       |    14 |     7 |       ||    21
         Dart              |       |       |       |     9 |       ||     9
 Invoke: Berserk           |     1 |     4 |    13 |     5 |     5 ||    28
         Trog's Hand       |       |     7 |    11 |    15 |    10 ||    43
  Evoke: Wand              |       |       |       |     3 |       ||     3
    Use: Scroll            |     2 |     3 |    14 |    11 |     4 ||    34
         Potion            |       |       |     4 |       |       ||     4
   Stab: Paralysed         |       |       |       |     3 |       ||     3
         Distracted        |       |       |       |     1 |     2 ||     3
 Armour: Animal skin       |     5 |       |       |       |       ||     5
         Plate armour      |    12 |   126 |   172 |   248 |    17 ||   575
         Chain mail        |       |       |       |       |   128 ||   128
  Dodge: Dodged            |    18 |    70 |   102 |   170 |   132 ||   492

Table legend: (Time is in decaauts)
 A = Elapsed time spent in this place.
 B = Non-inter-level travel time spent in this place.
 C = Inter-level travel time spent in this place.
 D = Time resting spent in this place.
 E = Time spent auto-exploring this place.
 F = Levels seen in this place.
 G = Mean time per level.
                   A        B        C        D        E       F      G
               +--------+--------+--------+--------+--------+-----+--------+
         Total |  27401 |  25927 |   1474 |  12836 |   9354 |  17 | 1611.8 |
       Dungeon |  11853 |  10536 |   1317 |   3004 |   5576 |  10 | 1185.3 |
          Lair |  14464 |  14307 |    157 |   9429 |   3487 |   5 | 2892.8 |
        Bailey |    527 |    527 |      0 |    202 |    140 |   1 |  527.0 |
       Volcano |    556 |    556 |      0 |    201 |    151 |   1 |  556.0 |
               +--------+--------+--------+--------+--------+-----+--------+

Top non-repeatable levels by time:
  Lair:5: 8116 daAuts
  Lair:1: 1926 daAuts
  Lair:4: 1751 daAuts
  Lair:3: 1620 daAuts
     D:8: 1566 daAuts
     D:5: 1527 daAuts
     D:7: 1414 daAuts
    D:10: 1319 daAuts
     D:4: 1214 daAuts
     D:2: 1161 daAuts
     D:1: 1082 daAuts
  Lair:2: 1050 daAuts
     D:6: 928 daAuts
     D:9: 837 daAuts
     D:3: 799 daAuts
